 Dungeon Crawl Stone Soup version 0.20.1-1-g8b1a95d (webtiles) character file.

108 Chaoticas the Digger (level 4, -1/24 HPs)
             Began as a Gargoyle Earth Elementalist on July 23, 2017.
             Slain by Grinder (2 damage)
             ... on level 2 of the Dungeon.
             The game lasted 00:07:12 (2348 turns).

Chaoticas the Digger (Gargoyle Earth Elementalist)  Turns: 2348, Time: 00:07:12

Health: -1/24      AC:  5    Str: 12    XL:     4   Next: 87%
Magic:  6/8        EV: 12    Int: 16    God:
Gold:   96         SH:  0    Dex: 10    Spells: 8/9 levels left

rFire    . . .     SeeInvis .   h - +0 whip
rCold    . . .     Gourm    .   (no shield)
rNeg     + . .     Faith    .   c - +0 robe
rPois    ∞         Spirit   .   (no helmet)
rElec    +         Reflect  .   (no cloak)
rCorr    .         Harm     .   (no gloves)
MR       .....                  (no boots)
Stlth    ++........             (no amulet)
Regen    0.1/turn               (no ring)
MPRegen  0.2/turn               (no ring)

@: no status effects
A: negative energy resistance 1, electricity resistance, unbreathing,
petrification resistance, rot immunity, AC +3
a: no special abilities


You were on level 2 of the Dungeon.
You were not hungry.

You visited 1 branch of the dungeon, and saw 3 of its levels.

You collected 96 gold pieces.

Inventory:

Hand Weapons
 h - a +0 whip (weapon)
   (You took it off a kobold on level 1 of the Dungeon)
Missiles
 b - 24 stones
 o - 5 tomahawks (quivered)
Armour
 c - a +0 robe (worn)
 n - a +0 buckler
   (You found it on level 1 of the Dungeon)
Jewellery
 f - an uncursed ring of protection from cold {unknown}
   (You found it on level 1 of the Dungeon)
Scrolls
 d - 2 scrolls of teleportation {unknown}
 g - 2 scrolls of fog {unknown}
 i - a scroll of random uselessness {unknown}
 k - 3 scrolls of identify {unknown}
 l - a scroll of enchant weapon {unknown}
 m - 2 scrolls of remove curse {unknown}
Potions
 j - a potion of cancellation {unknown}
 p - a potion of lignification {unknown}
 r - a potion of curing {unknown}
Books
 e - a book of Geomancy
Comestibles
 a - 6 chunks of flesh
 q - 2 bread rations
 s - a royal jelly
 t - 3 fruits


   Skills:
 - Level 1.5 Dodging
 - Level 2.1 Stealth
 + Level 0.4 Shields
 + Level 3.0 Spellcasting
   Level 0.7 Transmutations
 * Level 5.6 Earth Magic


You had 8 spell levels left.
You knew the following spells:

 Your Spells              Type           Power        Failure   Level  Hunger
a - Sandblast             Erth           ###...       1%          1    #......


Dungeon Overview and Level Annotations

Branches:
Dungeon (3/15)

Altars:

Annotations:
D:2 Grinder


Innate Abilities, Weirdness & Mutations

You are resistant to torment.
Your stone body is resilient. (AC +3)
You are immune to poison.
You resist negative energy. (rN+)
You are resistant to electric shocks. (rElec)
You can survive without breathing.
You are immune to petrification.
You are immune to rotting.


Message History

Your Spellcasting skill increases to level 3!
b - 28 stones The frilled lizard unfolds its giant frill.
The frilled lizard misses you.
Aim: a frilled lizard The blast of sand hits the frilled lizard.
You kill the frilled lizard!
b - 27 stones You can't see any susceptible monsters within range! (Use Z to cast anyway.)
You start resting.
You climb upwards.
There is a stone staircase leading down here.
You start resting.
Some of the chunks of flesh in your inventory have rotted away.
You climb downwards.
Level annotation: Grinder Grinder blinks!
There is a stone staircase leading up here.
Okay, then.
Grinder gestures at you.
You suddenly lose the ability to move!
Grinder hits you!
You writhe in agony.
You can move again.
Unknown command.
Aim: Grinder The blast of sand hits Grinder.
b - 26 stones Grinder hits you.
* * * LOW HITPOINT WARNING * * *
You writhe in agony.
* * * LOW HITPOINT WARNING * * *
You don't know that spell.
Okay, then.
Grinder hits you!
* * * LOW HITPOINT WARNING * * *
You climb upwards.
There is a stone staircase leading down here.
Grinder gestures at you.
You barely resist.
Grinder blinks!
Grinder closely misses you.
Aim: Grinder (lightly wounded)
The blast of sand hits Grinder.
b - 25 stones Grinder closely misses you.
Aim: Grinder (lightly wounded)
The blast of sand misses Grinder.
b - 24 stones Grinder hits you.
You die...

#####...####
##.........#
...........#######
##...............#
####....#######.#
#....# #.# #....#
#.# #..#.# #5#
#..#.# #@# #....#
#.# #.#..# #.#
#.#..#######.#
#.........>..#
#....######### ###
#....# ..###....#
...##....#


You could see Grinder.

Vanquished Creatures
  5 adders
  An ooze (D:1)
  2 dart slugs (D:1)
  An orc (D:3)
  A giant cockroach (D:3)
  5 goblins
  7 hobgoblins
  6 jackals (D:1)
  2 quokkas (D:2)
  2 ball pythons
  8 bats
  4 frilled lizards
  6 kobolds
  3 rats
53 creatures vanquished.

Notes
Turn   | Place    | Note
-------+----------+-------------------------------------------
     0 | D:1      | Chaoticas the Gargoyle Earth Elementalist began the quest for the Orb.
     0 | D:1      | Reached XP level 1. HP: 10/10 MP: 3/3
    37 | D:1      | Reached skill level 4 in Earth Magic
   289 | D:1      | Reached XP level 2. HP: 13/15 MP: 0/5
   655 | D:1      | Reached XP level 3. HP: 19/19 MP: 6/6
   953 | D:1      | Reached skill level 5 in Earth Magic
  1525 | D:2      | Reached XP level 4. HP: 15/24 MP: 4/7
  2299 | D:3      | Noticed Grinder
  2334 | D:3      | Paralysed by Grinder for 4 turns
  2339 | D:3      | HP: 1/24 [Grinder (9)]
  2348 | D:2      | Slain by Grinder

Skill      XL: |  1  2  3  4 |
---------------+-------------+-----
Earth Magic    | 4 5 |  5.6
Spellcasting   | 3 |  3.0
Dodging        | |  1.5
Stealth        | |  2.1
Shields        | |  0.4
Transmutations | |  0.7

Action                   |  1- 3 |  4- 6 || total
-------------------------+-------+-------++-------
Melee: Unarmed           |    20 |       ||    20
       Dagger            |    29 |       ||    29
       Whip              |    94 |    37 ||   131
 Cast: Sandblast         |    22 |    26 ||    48
 Stab: Distracted        |     1 |       ||     1
       Sleeping          |     1 |       ||     1
  Eat: Chunk             |     2 |     3 ||     5
Armor: Robe              |    70 |    17 ||    87
Dodge: Dodged            |   142 |    30 ||   172
